 Dungeon Crawl Stone Soup version 0.31-a0-435-g2c6fae2916 (webtiles) character file.

Game seed: 1007540644729010987

109 Maxmaps the Trooper (level 4, 0/33 HPs)
             Began as an Octopode Shapeshifter on Aug 1, 2023.
             Shot with a sling bullet by a goblin (4 damage)
             ... on level 3 of the Dungeon.
             The game lasted 00:02:12 (2192 turns).

Maxmaps the Trooper (Octopode Shapeshifter)         Turns: 2192, Time: 00:02:12

Health: 0/33       AC:  1    Str: 14    XL:     4   Next: 89%
Magic:  4/4        EV: 13    Int: 12    God:
Gold:   157        SH:  0    Dex: 12    Spells: 3/3 levels left

rFire   . .          .
                       - Unarmed
rCold   . . .        (no shield)
rNeg    . . .        (helmet currently unavailable)
rPois   .            (no amulet)
rElec   .            (no ring)
rCorr   .            (no ring)
SInv    .            (no ring)
Will    .....        (no ring)
Stlth   +++          (no ring)
HPRegen 0.25/turn    (no ring)
MPRegen 0.09/turn    (no ring)
                     (no ring)

%: no passive effects
@: beast-form, attractive
A: beast (slay +2), almost no armour, amphibious, 8 rings, camouflage 1,
gelatinous body 1, (nimble swimmer 1), tentacles
a: Begin Untransformation


You were on level 3 of the Dungeon.
You were a hulking beast.
You visited 1 branch of the dungeon, and saw 3 of its levels.

You collected 157 gold pieces.

Inventory:

Talismans
 b - a beast talisman (active)
Scrolls
 c - 2 scrolls of teleportation {unknown}
 f - a scroll of identify {unknown}
 h - 2 scrolls of immolation {unknown}
 j - a scroll of poison {unknown}
 l - 2 scrolls of enchant armour {unknown}
 o - a scroll of enchant weapon {unknown}
Potions
 a - a potion of lignification
 d - a potion of attraction
 e - a potion of heal wounds {unknown}
 g - a potion of haste {unknown}
 i - a potion of resistance {unknown}
 k - a potion of brilliance {unknown}
 m - 2 potions of enlightenment {unknown}
 n - a potion of curing {unknown}


   Skills:
 - Level 4.2 Fighting
 - Level 2.0 Dodging
 + Level 1.8 Stealth
 - Level 3.0 Unarmed Combat
 - Level 3.0 Shapeshifting


You had 3 spell levels left.
You didn't know any spells.
Your spell library was empty.

Dungeon Overview and Level Annotations

Branches:
Dungeon (3/15)

Altars:

Shops:
D:1 [


Innate Abilities, Weirdness & Mutations

You are a hulking beast.
Your limbs bulge with bestial killing power. (Slay +2)
You cannot wear most types of armour.
You are amphibious.
You can wear up to eight rings at the same time.
Your skin changes colour to match your surroundings (Stealth+).
Your rubbery body absorbs attacks. (AC +1, EV +1)
((You are camouflaged when in or above water. (Stealth+)))
You have tentacles for arms and can constrict up to eight enemies at once.


Message History

You are too injured to fight recklessly!
Unknown command.
The orc attacks as you move away! The orc barely misses you.
The orc attacks as you move away! The orc hits you with a +0 club.
You barely miss the orc. You grab the orc.
The orc is moderately wounded.
You constrict the orc. The orc hits you with a +0 club.
* * * LOW HITPOINT WARNING * * *
You barely miss the orc. You squeeze the orc.
The orc is severely wounded.
You constrict the orc, but do no damage.
The orc completely misses you.
You tentacle-slap the orc but do no damage.
You squeeze the orc.
The orc is almost dead.
You constrict the orc.
You kill the orc!
It was a potion of attraction.
You feel attractive to monsters. The orc misses you.
You barely miss the orc. You grab the orc. You constrict the orc.
A giant cockroach comes into view.
The orc closely misses you.
You tentacle-slap the orc but do no damage.
The orc is heavily wounded.
You constrict the orc.
You kill the orc!
You tentacle-slap the orc. Your grab misses the orc.
Your squeeze misses the orc.
The orc is moderately wounded.
The orc hits you with a +0 whip.
* * * LOW HITPOINT WARNING * * *
You closely miss the orc. Your grab misses the orc.
The orc is moderately wounded.
The orc hits you with a +0 whip.
* * * LOW HITPOINT WARNING * * *
You tentacle-slap the orc.
You kill the orc!
The goblin shoots a sling bullet.
The sling bullet hits you.
You die...

#### ### #..$ ..
###.).###.# ####
#.........##### ...##
#.............# ....#
##..$..$.## ##..#
#.......Bg# ##..#
#.##...##)#
##..####.##..###h###
##.................#
###.####.##..###.#.# #
#..........###.#.# #
######.##......#.# #
#.....###..#.##.##
#######.....# #.........
#......†....###..#######
#.#####.........##


You could see a giant cockroach and a goblin.

Vanquished Creatures
  Robin (D:3)
  2 adders (D:3)
  A worm (D:2)
  3 dart slugs (D:1)
  4 orcs (D:3)
  6 endoplasms
  3 giant cockroaches
  11 goblins
  4 hobgoblins
  4 kobolds
  7 quokkas
  5 ball pythons
  3 bats
  6 frilled lizards
  6 rats
66 creatures vanquished.

Notes
Turn   | Place    | Note
-------+----------+-------------------------------------------
     0 | D:1      | Maxmaps the Octopode Shapeshifter began the quest for the
                  | Orb.
     0 | D:1      | Reached XP level 1. HP: 13/13 MP: 1/1
   241 | D:1      | Reached skill level 2 in Fighting
   241 | D:1      | Reached XP level 2. HP: 15/19 MP: 2/2
   498 | D:1      | Reached XP level 3. HP: 25/25 MP: 3/3
   514 | D:1      | Reached skill level 3 in Fighting
   558 | D:1      | Found Botu's Armour Shop.
  1292 | D:2      | Found a faded altar of an unknown god.
  1592 | D:3      | Reached XP level 4. HP: 33/33 MP: 4/4
  1606 | D:3      | Noticed Robin
  1610 | D:3      | Reached skill level 4 in Fighting
  1614 | D:3      | Killed Robin
  1781 | D:3      | Reached skill level 1 in Stealth
  2192 | D:3      | Shot with a sling bullet by a goblin

Illustrated notes

Levels and vault maps discovered:
D:1:      co_arrival_random_square_maze, layout_basic, serial_shops, shop,
          corexii_leaking_fountain
D:2:      layout_loops_ring, basic_ecumenical_altar
D:3:      layout_loops_ring, uniq_terence, uniq_robin

Skill      XL: |  1  2  3  4 |
---------------+-------------+-----
Fighting       | 2 3 4 |  4.2
Stealth        | 1 |  1.8
Dodging        | |  2.0
Unarmed Combat | |  3.0
Shapeshifting  | |  3.0

Action                     |  1- 3 |  4- 6 || total
---------------------------+-------+-------++-------
  Melee: Unarmed           |    76 |    46 ||   122
         Constrict         |    18 |    10 ||    28
         Tentacles         |    11 |     6 ||    17
         Punch             |       |     3 ||     3
    Use: Potion            |       |     1 ||     1
   Stab: Sleeping          |     9 |       ||     9
 Armour: Skin              |     6 |     6 ||    12
  Dodge: Dodged            |    41 |    43 ||    84

Table legend: (Time is in decaauts)
 A = Elapsed time spent in this place.
 B = Non-inter-level travel time spent in this place.
 C = Inter-level travel time spent in this place.
 D = Time resting spent in this place.
 E = Time spent auto-exploring this place.
 F = Levels seen in this place.
 G = Mean time per level.
                   A        B        C        D        E       F      G
               +--------+--------+--------+--------+--------+-----+--------+
         Total |   2184 |   2119 |     65 |    320 |   1471 |   3 |  728.0 |
       Dungeon |   2184 |   2119 |     65 |    320 |   1471 |   3 |  728.0 |
               +--------+--------+--------+--------+--------+-----+--------+

Top non-repeatable levels by time:
     D:1: 842 daAuts
     D:2: 741 daAuts
     D:3: 600 daAuts
